 Dungeon Crawl Stone Soup version 0.29-a0-1023-g6ae1a4a2c7 (webtiles) character file.

Game seed: 16636984418943612475

64 gelatine the Firebug (level 3, 0/25 HPs)
             Began as a Demonspawn Fire Elementalist on Aug 12, 2022.
             Slain by a gnoll
             ... wielding a +0 spear
              (9 damage)
             ... on level 2 of the Dungeon.
             The game lasted 00:03:58 (1768 turns).

gelatine the Firebug (Demonspawn Fire Elementalist) Turns: 1768, Time: 00:04:00

Health: 0/25       AC:  2    Str:  8    XL:     3   Next: 91%
Magic:  1/6        EV: 12    Int: 18    God:
Gold:   60         SH:  0    Dex: 13    Spells: 2/7 levels left

rFire   + . .      SeeInvis .   (no weapon)
rCold   + . .      Faith    .   (no shield)
rNeg    . . .      Spirit   .   a - +0 robe
rPois   .          Reflect  .   (no helmet)
rElec   .          Harm     .   i - scarf {rC+ rF+}
rCorr   .          Rampage  .   (no gloves)
Will    .....                   (no boots)
Stlth   ++........              (no amulet)
HPRegen 0.08/turn               (no ring)
MPRegen 0.10/turn               (no ring)

@: no status effects
A: hooves 1, spiny 1
a: no special abilities


You were on level 2 of the Dungeon.
You visited 1 branch of the dungeon, and saw 2 of its levels.

You collected 60 gold pieces.

Inventory:

Armour
 a - a +0 robe (worn)
 i - a scarf of resistance (worn)
Scrolls
 e - 3 scrolls of noise {unknown}
 g - a scroll of blinking {unknown}
 k - a scroll of identify {unknown}
Potions
 b - a potion of magic
 c - a potion of degeneration {unknown}
 d - 2 potions of flight {unknown}
 f - a potion of curing {unknown}
 h - 2 potions of invisibility {unknown}
 j - a potion of cancellation {unknown}
 l - a potion of haste {unknown}


   Skills:
 + Level 0.3 Fighting
 + Level 2.0 Dodging
 + Level 2.0 Stealth
 + Level 0.4 Unarmed Combat
 + Level 2.5 Spellcasting
 + Level 1.2 Conjurations
 * Level 0.6 Translocations
 + Level 3.4 Fire Magic


You had 2 spell levels left.
You knew the following spells:

 Your Spells              Type           Power      Damage    Failure   Level
a - Foxfire               Conj/Fire      40%        2x1d6     7%          1
b - Scorch                Fire           28%        2d6       6%          2
c - Blink                 Tloc           8%         N/A       21%         2

Your spell library contained the following spells:

 Spells                   Type           Power      Damage    Failure   Level
 Conjure Flame            Conj/Fire      10%        6-21      21%         3
 Inner Flame              Hex/Fire       8%         N/A       26%         3
 Flame Wave               Conj/Fire      10%        2d6       54%         4
 Manifold Assault         Tloc           4%         N/A       98%         5
 Storm Form               Tmut/Air       1%         N/A       100%        7


Dungeon Overview and Level Annotations

Branches:
Dungeon (2/15)

Altars:

Shops:
D:2 *


Innate Abilities, Weirdness & Mutations

You have large cloven feet.
You are partially covered in sharp spines.


Message History

Your magical contamination has completely faded away. 4 gnolls come into view.
The gnoll shouts! x3; You hear a shout!
You conjure some foxfire!
The gnoll is struck by your spines. The gnoll closely misses you.
The gnoll hits you from afar with a +0 spear.
You hit the gnoll.
The gnoll is heavily wounded.
The foxfire hits the gnoll.
You kill the gnoll!
The gnoll barely misses you.
You conjure some foxfire!
The gnoll hits you from afar with a +0 spear.
The foxfire hits the gnoll but does no damage.
The foxfire hits the gnoll.
The gnoll is moderately wounded.
Your foxfire dissipates!
You conjure some foxfire!
The foxfire hits the gnoll but does no damage. x2
A goblin comes into view. It is wielding a +0 club.
You hit the gnoll but do no damage. You kick the gnoll.
The gnoll is lightly wounded.
The gnoll barely misses you.
You conjure some foxfire!
The gnoll hits you from afar with a +0 spear.
The gnoll is struck by your spines. The gnoll closely misses you.
You hit the gnoll but do no damage. Your kick misses the gnoll.
The gnoll is heavily wounded.
The foxfire hits the gnoll.
The gnoll is severely wounded.
The gnoll is struck by your spines.
You kill the gnoll!
The gnoll hits you from afar with a +0 spear.
Casting: Foxfire (safe; 7% risk of failure)
Confirm with . or Enter, or press ? or * to list all spells.
Flames lash the gnoll.
The gnoll is heavily wounded.
The gnoll's fire resistance burns away.
The gnoll hits you from afar with a +0 spear!
You die...

#..# #.# #..# #.# ..#
#.# .g# #.# #g# #.#
#g# #.# #.#
#)######.## #.#
#@).......# ##.##
########..# . #...#
#..######## .# #...#
#.†.......# .# ...
###.#####.# .#
#.########## #.# .#
#†.........# #.#
.##########.########.#
#.#
............##.......#
#.#


You could see 2 gnolls and a goblin.

Vanquished Creatures
  2 gnolls (D:2)
  An adder (D:2)
  2 dart slugs
  3 bats
  2 endoplasms (D:1)
  A giant cockroach (D:1)
  2 hobgoblins (D:1)
  4 jackals (D:2)
  6 kobolds
  2 quokkas
  2 frilled lizards
  3 goblins (D:1)
30 creatures vanquished.

Vanquished Creatures (others)
  96 foxfires
96 creatures vanquished.

Grand Total: 126 creatures vanquished

Notes
Turn   | Place    | Note
-------+----------+-------------------------------------------
     0 | D:1      | gelatine the Demonspawn Fire Elementalist began the quest
                  | for the Orb.
     0 | D:1      | Reached XP level 1. HP: 13/13 MP: 3/3
   285 | D:1      | Reached skill level 3 in Fire Magic
   300 | D:1      | Discovered your monstrous ancestry.
   300 | D:1      | Gained mutation: You have large cloven feet. [demonic
                  | ancestry]
   300 | D:1      | Reached XP level 2. HP: 11/19 MP: 0/5
  1011 | D:1      | Found a faded altar of an unknown god.
  1164 | D:2      | Found Esiyxas's General Store.
  1465 | D:2      | Learned a level 2 spell: Scorch
  1468 | D:2      | Learned a level 2 spell: Blink
  1499 | D:2      | Gained mutation: You are partially covered in sharp spines.
                  | [demonic ancestry]
  1499 | D:2      | Reached XP level 3. HP: 24/24 MP: 3/6
  1768 | D:2      | Slain by a gnoll

Illustrated notes

Levels and vault maps discovered:
D:1:      mushboom_english_gardens, layout_basic, shapermc_ecumenical_altar_venn
D:2:      layout_loops_ring, serial_shops, shop, uniq_terence

Skill      XL: |  1  2  3 |
---------------+----------+-----
Fire Magic     | 3 |  3.4
Stealth        | 2 |  2.0
Dodging        | 2 |  2.0
Fighting       | |  0.3
Unarmed Combat | |  0.4
Spellcasting   | |  2.5
Conjurations   | |  1.2
Translocations | |  0.6

Action                   || total
-------------------------++-------
Melee: Unarmed           ||    47
       Kick              ||     9
 Cast: Foxfire           ||    57
       Blink             ||     1
       Scorch            ||     1
Armor: Robe              ||    22
Dodge: Dodged            ||    62

Table legend: (Time is in decaauts)
 A = Elapsed time spent in this place.
 B = Non-inter-level travel time spent in this place.
 C = Inter-level travel time spent in this place.
 D = Time resting spent in this place.
 E = Time spent auto-exploring this place.
 F = Levels seen in this place.
 G = Mean time per level.
                   A        B        C        D        E       F      G
               +--------+--------+--------+--------+--------+-----+--------+
         Total |   1767 |   1753 |     14 |    122 |   1419 |   2 |  883.5 |
       Dungeon |   1767 |   1753 |     14 |    122 |   1419 |   2 |  883.5 |
               +--------+--------+--------+--------+--------+-----+--------+

Top non-repeatable levels by time:
     D:1: 1151 daAuts
     D:2: 616 daAuts
